 Dungeon Crawl Stone Soup version 0.26.1-11-gd32895ea62 (webtiles) character file.

Game seed: 16010639124109195607

13827 Zeld the Cleaver (level 11, 0/101 HPs)
             Began as a Minotaur Berserker on June 15, 2021.
             Was an Elder of Trog.
             Slain by Urug
             ... wielding a +1 demon trident of freezing
              (2 damage)
             ... on level 11 of the Dungeon.
             The game lasted 00:13:30 (18041 turns).

Zeld the Cleaver (Minotaur Berserker)              Turns: 18041, Time: 00:13:31

Health: 0/101      AC: 17    Str: 25    XL:     11   Next: 80%
Magic:  10/10      EV: 11    Int:  4    God:    Trog [****..]
Gold:   457        SH:  5    Dex: 10    Spells: 10/10 levels left

rFire    . . .     SeeInvis .   a - +9 executioner's axe
rCold    . . .     Faith    .   (shield currently unavailable)
rNeg     . . .     Spirit   .   d - +0 plate armour
rPois    .         Reflect  +   (helmet restricted)
rElec    .         Harm     .   w - +0 cloak
rCorr    .         Rampage  .   (no gloves)
Will     .....                  t - +0 pair of boots
Stlth    ..........             C - amulet of reflection
HPRegen  0.26/turn              (no ring)
MPRegen  0.12/turn              (no ring)

@: no status effects
A: retaliatory headbutt, horns 2
a: Renounce Religion, Berserk, Trog's Hand, Brothers in Arms


You were on level 11 of the Dungeon.
You worshipped Trog.
Trog was greatly pleased with you.
You visited 2 branches of the dungeon, and saw 12 of its levels.

You collected 582 gold pieces.
You spent 125 gold pieces at shops.

Inventory:

Hand Weapons
 a - a +9 executioner's axe (weapon)
Armour
 d - a +0 plate armour (worn)
 t - a +0 pair of boots (worn)
 w - a +0 cloak (worn)
Jewellery
 C - an amulet of reflection (around neck)
Wands
 m - a wand of iceblast (6)
 p - a wand of acid (6)
 B - a wand of polymorph (8)
Scrolls
 c - 2 scrolls of magic mapping
 h - a scroll of enchant weapon
 j - 7 scrolls of teleportation
 l - 2 scrolls of remove curse
 u - 2 scrolls of amnesia {unknown}
 y - 2 scrolls of enchant armour {unknown}
 A - a scroll of noise {unknown}
 G - a scroll of fear {unknown}
Potions
 g - 6 potions of degeneration {unknown}
 i - 4 potions of mutation {unknown}
 k - 3 potions of lignification {unknown}
 n - 3 potions of brilliance {unknown}
 o - 2 potions of haste {unknown}
 r - a potion of attraction {unknown}
 s - 2 potions of flight
 v - a potion of cancellation {unknown}
 x - 2 potions of might
 z - 4 potions of curing {unknown}
 E - a potion of experience {unknown}
 F - a potion of resistance {unknown}


   Skills:
 + Level 10.4 Fighting
 * Level 13.6 Axes
 + Level 10.0 Armour
 + Level 9.3 Dodging
 * Level 5.6 Evocations


You had 10 spell levels left.
You didn't know any spells.
Your spell library was empty.

Dungeon Overview and Level Annotations

Branches:
Dungeon (10/15)            Temple (1/1) D:7             Orc (0/2) D:9
   Lair: D:8-11

Altars:
Ashenzari
Cheibriados
Dithmenos
Elyvilon
Fedhas
Gozag
Hepliaklqana
Kikubaaqudgha
Makhleb
Nemelex Xobeh
Okawaru
Qazlal
Ru
Sif Muna
Trog
Uskayaw
Vehumet
Wu Jian
Xom
Yredelemnul
Zin
The Shining One
Beogh

Shops:
D:4 *

Annotations:
D:8 1 runed translucent door, exclusion: 4 orange crystal statues
D:10 exclusion: 2 oklob saplings
D:11 Urug


Innate Abilities, Weirdness & Mutations

You reflexively headbutt those who attack you in melee.
You have a pair of horns on your head.


Message History

You slash Urug!
Urug is lightly wounded.
Urug barely misses you. You furiously retaliate!
You headbutt Urug! You hit Urug but do no damage. You headbutt Urug!
Urug is heavily wounded.
Urug hits you with a +1 demon trident of freezing.
* * * LOW HITPOINT WARNING * * *
Urug freezes you.
* * * LOW HITPOINT WARNING * * *
Okay, then.
You slice Urug!!
Urug is severely wounded.
Urug hits you with a +1 demon trident of freezing!
* * * LOW HITPOINT WARNING * * *
Urug freezes you.
* * * LOW HITPOINT WARNING * * *
Urug hits you with a +1 demon trident of freezing.
* * * LOW HITPOINT WARNING * * *
Urug freezes you.
You die...

#. ...### #.. ... .....###...
###### ..... ....#.........##
.....##...... ...............#
............# #..............#
.......#...# ##.#...........###
#......##.####..#o............##
..#.............@..............##
..#.........(......)............#
.....................).).[.......
†#.#........(..........##)...##..
.####$......(...>.....##o........
###.............(....###.........
###...............## #..#......
#..........÷÷..######.#.......
#...##...........#......#......


You could see Urug.

Vanquished Creatures
  A slime creature (D:8)
  A two-headed ogre (D:11)
  Erica (D:8)
  A death yak (D:8)
  2 centaur zombies (D:10)
  A manticore (D:11)
  Psyche (D:8)
  2 gargoyles (D:11)
  A polar bear (D:8)
  Grinder (D:3)
  A dream sheep (D:7)
  Sigmund (D:2)
  5 humans
  4 wyverns (D:8)
  Eustachio (D:5)
  5 yaks
  A hog (D:8)
  Edmund (D:5)
  An acid dragon (D:11)
  7 sky beasts
  12 orc warriors
  2 ice beasts
  2 black bears
  4 phantoms
  5 ogres
  2 big kobolds
  A wyvern zombie (D:11)
  11 bullfrogs
  5 scorpions
  4 killer bees (D:10)
  A howler monkey (D:11)
  4 bullfrog zombies
  A quasit (D:10)
  6 hounds
  7 orc priests
  Crazy Yiuf (D:5)
  2 jellies
  A bullfrog skeleton (D:7)
  A centaur skeleton (D:6)
  4 orc wizards
  3 iguanas
  Natasha (thrice) (D:3)
  12 worker ants
  A hound skeleton (D:7)
  2 howler monkey zombies
  A worker ant zombie (D:5)
  27 adders
  A white imp (D:5)
  2 oozes
  An adder zombie (D:7)
  2 adder skeletons
  5 worms
  2 dart slugs (D:2)
  7 leopard geckos
  42 orcs
  6 giant cockroaches
  11 goblins
  8 hobgoblins
  18 jackals
  7 quokkas
  5 ball pythons (D:10)
  13 bats
  8 frilled lizards
  A jackal skeleton (D:5)
  21 kobolds
  2 leopard gecko skeletons (D:4)
  A leopard gecko zombie (D:8)
  A quokka skeleton (D:7)
  7 rats
335 creatures vanquished.

Vanquished Creatures (collateral kills)
  An ugly thing (D:11)
  2 wyverns (D:8)
  A scorpion (D:11)
4 creatures vanquished.

Vanquished Creatures (others)
  13 fungi (D:11)
  15 plants
28 creatures vanquished.

Grand Total: 367 creatures vanquished

Notes
Turn   | Place    | Note
-------+----------+-------------------------------------------
     0 | D:1      | Zeld the Minotaur Berserker began the quest for the Orb.
     0 | D:1      | Reached XP level 1. HP: 19/19 MP: 0/0
   486 | D:1      | Reached XP level 2. HP: 16/27 MP: 1/1
   491 | D:1      | Reached skill level 4 in Axes
  1166 | D:2      | Reached ** piety under Trog
  1176 | D:2      | Reached XP level 3. HP: 29/33 MP: 2/2
  1569 | D:2      | Noticed Sigmund
  1576 | D:2      | Killed Sigmund
  1577 | D:2      | Reached skill level 5 in Axes
  1577 | D:2      | Reached XP level 4. HP: 41/41 MP: 3/3
  1577 | D:2      | Reached XP level 5. HP: 47/47 MP: 4/4
  2312 | D:2      | Noticed an ogre
  2318 | D:2      | Killed an ogre
  2319 | D:2      | Reached XP level 6. HP: 55/55 MP: 5/5
  2540 | D:3      | Noticed Grinder
  2541 | D:3      | Paralysed by Grinder for 2 turns
  2551 | D:3      | Reached skill level 6 in Axes
  2551 | D:3      | Killed Grinder
  2552 | D:3      | Reached skill level 5 in Fighting
  2552 | D:3      | Reached XP level 7. HP: 61/61 MP: 6/6
  2585 | D:3      | Reached *** piety under Trog
  2769 | D:3      | Noticed Natasha
  2790 | D:3      | Killed Natasha
  3317 | D:3      | Noticed Natasha
  3323 | D:3      | Killed Natasha
  3354 | D:3      | Noticed Natasha
  3363 | D:3      | Killed Natasha
  3652 | D:4      | Reached skill level 7 in Axes
  3950 | D:4      | Reached **** piety under Trog
  3951 | D:4      | Reached skill level 5 in Armour
  4066 | D:4      | Found Uxy Vug's General Store.
  4255 | D:4      | Bought 2 potions of flight for 60 gold pieces
  4255 | D:4      | Bought a scroll of identify for 20 gold pieces
  4606 | D:4      | Bought a +0 pair of boots for 45 gold pieces
  4890 | D:5      | Entered Level 5 of the Dungeon
  4977 | D:4      | Reached skill level 5 in Dodging
  4977 | D:4      | Reached XP level 8. HP: 44/70 MP: 7/7
  5309 | D:5      | Noticed Edmund
  5312 | D:5      | Reached skill level 8 in Axes
  5314 | D:5      | Noticed Eustachio
  5816 | D:5      | Killed Edmund
  5828 | D:5      | Killed Eustachio
  6326 | D:5      | Found a broken altar of Ashenzari.
  6634 | D:5      | Found a runed translucent door.
  6635 | D:5      | Noticed Crazy Yiuf
  6750 | D:5      | Killed Crazy Yiuf
  6949 | D:5      | Reached skill level 9 in Axes
  7298 | D:6      | Reached XP level 9. HP: 72/79 MP: 8/8
  7732 | D:6      | Reached ***** piety under Trog
  7733 | D:6      | Reached skill level 10 in Axes
  8325 | D:7      | HP: 1/81 [orc warrior/boomerang (11)]
  9081 | D:7      | Found a staircase to the Ecumenical Temple.
  9099 | D:7      | Received a gift from Trog
  9108 | Temple   | Entered the Ecumenical Temple
  9776 | D:7      | Reached skill level 11 in Axes
 10055 | D:8      | Noticed Psyche
 10063 | D:8      | Killed Psyche
 10067 | D:8      | Reached XP level 10. HP: 66/90 MP: 9/9
 11237 | D:8      | Noticed Erica
 11245 | D:8      | Killed Erica
 11379 | D:8      | Found a huge runed translucent gate.
 11379 | D:8      | Found a huge runed translucent gate.
 11379 | D:8      | Found a huge runed translucent gate.
 11379 | D:8      | Found a huge runed translucent gate.
 11380 | D:8      | Noticed a death yak
 11417 | D:8      | Killed a titanic slime creature
 11418 | D:8      | Reached skill level 12 in Axes
 11418 | D:8      | Reached skill level 1 in Evocations
 11780 | D:8      | Found a runed translucent door.
 11786 | D:8      | Found the +10 tower shield of Ignorance {rN+ Int-4}
 11800 | D:8      | Found a runed translucent door.
 11807 | D:8      | Noticed an orange crystal statue
 11807 | D:8      | Noticed an orange crystal statue
 11807 | D:8      | Noticed an orange crystal statue
 11807 | D:8      | Noticed an orange crystal statue
 12006 | D:8      | Killed a death yak
 12851 | D:7      | Reached XP level 11. HP: 61/99 MP: 10/10
 13206 | D:7      | HP: 2/148 [yak (8)]
 16595 | D:9      | Found a roughly hewn altar of Beogh.
 16595 | D:9      | Found a staircase to the Orcish Mines.
 16598 | D:9      | Reached skill level 13 in Axes
 16812 | D:9      | Found a blossoming altar of Fedhas.
 16859 | D:10     | Entered Level 10 of the Dungeon
 17072 | D:10     | Reached skill level 10 in Fighting
 17473 | D:10     | Found a snail-covered altar of Cheibriados.
 17651 | D:10     | You fall into a shaft and drop 1 floor!
 17685 | D:11     | Noticed a two-headed ogre
 17691 | D:11     | Killed a two-headed ogre
 17692 | D:11     | Reached skill level 5 in Evocations
 17704 | D:11     | Noticed a brown ugly thing
 17719 | D:11     | Noticed Urug
 17733 | D:11     | Killed a brown ugly thing
 18002 | D:11     | Reached skill level 10 in Armour
 18041 | D:11     | HP: 2/101 [Urug/+1 demon trident of freezing (4)]
 18041 | D:11     | Slain by Urug

Illustrated notes

Levels and vault maps discovered:
D:1:      wander_arrival_fairy_ring, layout_loops_corners, minmay_pentomino_w2
D:2:      minmay_diamond_boxcup, layout_basic, uniq_sigmund
D:3:      layout_rooms, uniq_grinder, uniq_natasha
D:4:      layout_loops_cross, serial_shops, shop
D:5:      layout_loops_cross, nicolae_ashenzari_panopticon, uniq_eustachio,
          uniq_edmund, uniq_crazy_yiuf_cottage
D:6:      layout_rooms, minmay_ruffians
D:7:      layout_rooms, minmay_temple_entry_junction_2
D:8:      lemuel_bear_cage, layout_rooms, chequers_guarded_unrand_ignorance,
          uniq_erica, uniq_psyche
D:9:      layout_cave_pools, fedhas_altar_fruit_tree, david_orc_5
D:10:     layout_layer_cave, basic_altar, introduction_to_nature_1
D:11:     layout_cave_pools, grunt_lair_entry_orc_guard_hut, uniq_urug
Temple:   compressed_dpeg_triangle_lava_temple

Skill      XL: |  1  2  3  4  5  6  7  8  9 10 11 |
---------------+----------------------------------+-----
Axes           | 4 5 6 7 9 11 12 13 | 13.6
Fighting       | 4 5 6 7 8 9 10 | 10.4
Armour         | 3 4 5 6 8 9 10 | 10.0
Dodging        | 3 4 5 6 7 8 9 |  9.3
Evocations     | 3 5 |  5.6

Action                   |  1- 3 |  4- 6 |  7- 9 | 10-12 || total
-------------------------+-------+-------+-------+-------++-------
Melee: Hand axe          |    89 |    44 |   343 |       ||   476
       Headbutt          |    13 |     8 |    79 |    37 ||   137
       Executioner's axe |       |       |    37 |   253 ||   290
Invok: Berserk           |     1 |     2 |     7 |     8 ||    18
       Trog's Hand       |       |       |     1 |       ||     1
       Brothers in Arms  |       |       |       |     5 ||     5
  Use: Scroll            |       |       |       |    11 ||    11
Armor: Animal skin       |    24 |    10 |    60 |    30 ||   124
       Plate armour      |       |       |       |   103 ||   103
Dodge: Dodged            |    66 |    36 |   294 |   224 ||   620
Block: Other             |       |       |       |    54 ||    54
       Reflection        |       |       |       |     2 ||     2
